 Dungeon Crawl Stone Soup version 0.28-a0-973-ga7f8b01127 (webtiles) character file.

Game seed: 6708905186234181735

47 vurker the Magician (level 3, -4/27 HPs)
             Began as a Djinni Fire Elementalist on Dec 1, 2021.
             Killed by nerve-wracking pain
             ... invoked by Jessica
              (14 damage)
             ... on level 2 of the Dungeon.
             The game lasted 00:01:59 (2432 turns).

vurker the Magician (Djinni Fire Elementalist)      Turns: 2432, Time: 00:01:59

Health: -4/27      AC:  2    Str:  7    XL:     3   Next: 97%
Gold:   22         EV: 12    Int: 18    God:
                   SH:  0    Dex: 13

rFire   + + .      SeeInvis .   d - +0 dagger
rCold   x . .      Faith    .   (no shield)
rNeg    . . .      Spirit   .   a - +0 robe
rPois   ∞          Reflect  .   (no helmet)
rElec   .          Harm     .   (no cloak)
rCorr   .          Rampage  .   (no gloves)
Will    .....                   (boots unavailable)
Stlth   ++........              (no amulet)
HPRegen 0.09/turn               (no ring)
MPRegen 0.00/turn               (no ring)

@: flying
A: sickness immunity, fire resistance 2, cold vulnerability 1, float, innate
caster, hp casting, extra vitality 1
a: no special abilities


You were on level 2 of the Dungeon.
You visited 1 branch of the dungeon, and saw 2 of its levels.

You collected 22 gold pieces.

Inventory:

Hand Weapons
 d - a +0 dagger (weapon)
   (You took it off a goblin on level 1 of the Dungeon)
Armour
 a - a +0 robe (worn)
Scrolls
 c - a scroll of immolation {unknown}
 e - a scroll of amnesia {unknown}
 f - a scroll of teleportation {unknown}
Potions
 b - 3 potions of degeneration {unknown}
 g - a potion of curing {unknown}


   Skills:
 + Level 1.5 Fighting
 - Level 2.1 Dodging
 - Level 1.5 Stealth
 * Level 3.2 Spellcasting


You couldn't memorise any spells.
You knew the following spells:

 Your Spells              Type           Power      Damage    Failure   Level
a - Foxfire               Conj/Fire      56%        2x1d6     4%          1
b - Scorch                Fire           28%        2d6       6%          2
c - Flame Wave            Conj/Fire      14%        2d5       38%         4
d - Inner Flame           Hex/Fire       14%        N/A       12%         3
e - Conjure Flame         Conj/Fire      14%        6-21      12%         3
f - Summon Small Mammal   Summ           56%        N/A       4%          1
Your spell library was empty.

Dungeon Overview and Level Annotations

Branches:
Dungeon (2/15)

Altars:

Annotations:
D:2 Jessica


Innate Abilities, Weirdness & Mutations

You are immune to sickness and miasma.
You are immune to poison.
Your flesh is very heat resistant. (rF++)
You are vulnerable to cold. (rC-)
You float through the air rather than walking.
You learn spells naturally, not from books.
Your magical power is your life essence.
You have superior vitality. (+4 HP)


Message History

A hobgoblin comes into view.
A hobgoblin is nearby!
You conjure some foxfire!
The foxfire hits the hobgoblin.
A hobgoblin is nearby!
A hobgoblin is nearby!
You conjure some foxfire!
You conjure some foxfire!
The foxfire hits the hobgoblin.
You kill the hobgoblin!
Your magical contamination has completely faded away.
There is a stone staircase leading up here.
Things that are here:
a +0 dagger; 2 stones; a kobold corpse You conjure some foxfire!
Found a scroll labelled KONLUT GIEHI.
Things that are here:
a +0 club; 5 stones Jessica the Apprentice Sorceress comes into view.
She is wielding a +0 club.
Found a stone staircase leading up.
You conjure some foxfire!
You conjure some foxfire!
You conjure some foxfire!
You conjure some foxfire!
Jessica shouts!
Found a scroll labelled CYSATI ASYOLO.
You conjure some foxfire!
You conjure some foxfire!
The foxfire hits Jessica but does no damage.
The foxfire hits Jessica.
Jessica very coldly says, "I hate your company."
You conjure some foxfire!
The foxfire hits Jessica.
Jessica drinks a potion.
Jessica is healed!
You conjure some foxfire!
The foxfire hits Jessica but does no damage.
Jessica gestures at you while chanting. You resist with some effort.
You conjure some foxfire!
The foxfire hits Jessica but does no damage.
Jessica hits you with a +0 club!
* * * LOW HITPOINT WARNING * * *
You conjure some foxfire!
* * * LOW HITPOINT WARNING * * *
The foxfire hits Jessica but does no damage.
Jessica closely misses you.
You conjure some foxfire!
* * * LOW HITPOINT WARNING * * *
The foxfire hits Jessica.
Jessica gestures at you while chanting. Pain shoots through your body!
Ouch! That really hurt!
You die...

#..§§.#§#.v#.##
...v.§.........
#.#...#.#....#
#.#........§.#.
#.#†#.#.#.§?...
#...)........#
#)#v###.#......
#.#.# #v#.#####
#.###<#.###@@......
#.........#.#.##...
#.....#.#.#.#.#...
#.#.......# #.#
#... )....#.### #.#
#... ......#.. #.#
### ..... #.# #.#
..... ... ..? #..
###


You could see Jessica (ally target).

Vanquished Creatures
  2 dart slugs (D:1)
  7 bats (D:1)
  An endoplasm (D:1)
  3 giant cockroaches
  6 goblins (D:1)
  2 hobgoblins
  A jackal (D:1)
  4 kobolds
  2 quokkas (D:1)
  5 ball pythons (D:1)
  4 frilled lizards
  4 rats
41 creatures vanquished.

Vanquished Creatures (others)
  171 foxfires
171 creatures vanquished.

Grand Total: 212 creatures vanquished

Notes
Turn   | Place    | Note
-------+----------+-------------------------------------------
     0 | D:1      | vurker the Djinni Fire Elementalist began the quest for the
                  | Orb.
     0 | D:1      | Reached XP level 1. HP: 15/15 MP: 0/0
   351 | D:1      | Reached XP level 2. HP: 3/22 MP: 0/0
   813 | D:1      | Reached skill level 1 in Fighting
  1112 | D:1      | Reached XP level 3. HP: 22/27 MP: 0/0
  1112 | D:1      | Learned a level 1 spell: Summon Small Mammal
  1161 | D:1      | Reached skill level 3 in Spellcasting
  2417 | D:2      | Noticed Jessica
  2432 | D:2      | Killed from afar by Jessica

Illustrated notes

Levels and vault maps discovered:
D:1:      wheals_arrival_linesprint, layout_basic, minmay_nonomino_d4
D:2:      layout_basic, basic_altar, serial_shops, shop,
          shapermc_ecumenical_altar_flowoftime, uniq_sigmund, uniq_jessica,
          uniq_crazy_yiuf_cottage

Skill      XL: |  1  2  3 |
---------------+----------+-----
Fighting       | 1 |  1.5
Spellcasting   | 3 |  3.2
Dodging        | |  2.1
Stealth        | |  1.5

Action                   || total
-------------------------++-------
Melee: Unarmed           ||     2
       Dagger            ||     1
 Cast: Foxfire           ||   111
 Stab: Sleeping          ||     1
Armor: Robe              ||     8
Dodge: Dodged            ||    15

Table legend: (Time is in decaauts)
 A = Elapsed time spent in this place.
 B = Non-inter-level travel time spent in this place.
 C = Inter-level travel time spent in this place.
 D = Time resting spent in this place.
 E = Time spent auto-exploring this place.
 F = Levels seen in this place.
 G = Mean time per level.
                   A        B        C        D        E       F      G
               +--------+--------+--------+--------+--------+-----+--------+
         Total |   2431 |   2327 |    104 |      0 |   2090 |   2 | 1215.5 |
       Dungeon |   2431 |   2327 |    104 |      0 |   2090 |   2 | 1215.5 |
               +--------+--------+--------+--------+--------+-----+--------+

Top non-repeatable levels by time:
     D:1: 2206 daAuts
     D:2: 224 daAuts
